 Dungeon Crawl Stone Soup version 0.30-a0-634-g8abc85282e (webtiles) character file.

Game seed: 16247225824797266937

52 bande the Trooper (level 3, -1/21 HPs)
             Began as a Gargoyle Fighter on Jan 14, 2023.
             Slain by a gnoll
             ... wielding a +0 spear
              (3 damage)
             ... on level 3 of the Dungeon.
             The game lasted 00:02:24 (1491 turns).

bande the Trooper (Gargoyle Fighter)                Turns: 1491, Time: 00:02:25

Health: -1/21      AC: 10    Str: 21 (23) XL:     3   Next: 85%
Magic:  3/3        EV:  9    Int:  4 (7)  God:
Gold:   88         SH:  4    Dex:  9 (10) Spells: 2/2 levels left

rFire   . . .      SeeInvis .    a - +0 war axe
rCold   . . .      Faith    .    c - +0 buckler
rNeg    + . .      Spirit   .    b - +0 scale mail
rPois   ∞          Reflect  .    (no helmet)
rElec   +          Harm     .    (no cloak)
rCorr   .          Rampage  .    (no gloves)
Will    .....                    (no boots) Stlth
                                 (no amulet)
HPRegen 0.23/turn                (no ring)
MPRegen 0.08/turn                (no ring)

@: flying
A: sickness immunity, AC +3, negative energy resistance 1, electricity
resistance, torment resistance 1, petrification resistance, frail 1, strong 1
a: no special abilities


You were on level 3 of the Dungeon.
You visited 1 branch of the dungeon, and saw 3 of its levels.

You collected 88 gold pieces.

Inventory:

Hand Weapons
 a - a +0 war axe (weapon)
Armour
 b - a +0 scale mail (worn)
 c - a +0 buckler (worn)
Scrolls
 f - a scroll of immolation {unknown}
 g - a scroll of silence {unknown}
 i - a scroll of fear {unknown}
 j - 2 scrolls of teleportation {unknown}
 l - a scroll of brand weapon {unknown}
 n - a scroll of identify {unknown}
 o - a scroll of blinking {unknown}
 r - a scroll of amnesia {unknown}
Potions
 d - a potion of might
 e - a potion of brilliance {unknown}
 h - a potion of mutation
 k - a potion of heal wounds {unknown}
 m - a potion of curing {unknown}


   Skills:
 + Level 3.7 Fighting
 + Level 2.6 Axes
 + Level 3.7 Armour
 - Level 0.1 Dodging
 + Level 3.7 Shields


You had 2 spell levels left.
You didn't know any spells.
Your spell library contained the following spells:

 Spells                   Type           Power      Damage    Failure   Level
 Freeze                   Ice            0%         1d3       90%         1
 Frozen Ramparts          Ice            0%         1d1       99%         3
 Hailstorm                Conj/Ice       0%         3d3       99%         3


Dungeon Overview and Level Annotations

Branches:
Dungeon (3/15)

Altars:
Uskayaw


Innate Abilities, Weirdness & Mutations

You are immune to sickness and miasma.
Your stone body is resilient. (AC +3)
You are immune to poison.
You resist negative energy. (rN+)
You are resistant to electric shocks. (rElec)
You are resistant to unholy torment.
You are immune to petrification.
You are frail. (-10% HP)
Your muscles are strong. (Str +4, Int/Dex -1)


Message History

The gnoll hits you but does no damage.
Found a mace.
The gnoll closely misses you. The gnoll misses you.
There is an open door here.
You barely miss the gnoll. You hit the gnoll. You block the gnoll's attack.
The gnoll hits you with a +0 spear.
You closely miss the gnoll. You hit the gnoll but do no damage.
You hit the gnoll.
The gnoll hits you with a +2 whip of electrocution.
The gnoll hits you but does no damage. The gnoll barely misses you.
The gnoll hits you with a +0 flail. The gnoll hits you with a +0 spear.
The gnoll hits you with a +2 whip of electrocution.
You closely miss the gnoll. You barely miss the gnoll. x2
The gnoll hits you but does no damage. You block the gnoll's attack.
The gnoll hits you with a +0 flail!
* * * LOW HITPOINT WARNING * * *
You slash the gnoll!
The gnoll is severely wounded.
You closely miss the gnoll. You hit the gnoll.
The gnoll hits you with a +2 whip of electrocution.
* * * LOW HITPOINT WARNING * * *
The gnoll barely misses you. The gnoll hits you but does no damage.
The gnoll closely misses you. The gnoll completely misses you.
You block the gnoll's attack.
You slash the gnoll!
You kill the gnoll!
You barely miss the gnoll. You hit the gnoll. The gnoll barely misses you.
The gnoll closely misses you.
It was a potion of mutation.
You feel extremely strange.
You feel stronger.
You feel frail. The gnoll closely misses you. The gnoll barely misses you.
It was a potion of degeneration.
There was something very wrong with that liquid.
You feel weakened.
You feel dopey.
You feel clumsy. You block the gnoll's attack. x2
It was a potion of flight.
You feel very buoyant.
You fly up into the air.
The gnoll closely misses you. The gnoll hits you with a +0 spear.
You die...

#.# #.# #.#.#
#.# #.# #.#.##
#.# #.# #..).#
#.# #.###....#
#.#
###........#
#.# .....#....#
#.# #..#...g)g#
#.# #..###.#@#
#.# #......#.#
#.#####.#####.#
#.............#
#######.#######
#.# #.# #.# #.#


You could see 2 gnolls.

Vanquished Creatures
  A gnoll (D:3)
  2 dart slugs
  2 ball pythons (D:1)
  3 bats
  2 endoplasms
  3 giant cockroaches
  6 hobgoblins
  3 jackals (D:1)
  A quokka (D:1)
  2 frilled lizards
  4 goblins (D:1)
  3 kobolds
  2 rats
34 creatures vanquished.

Notes
Turn   | Place    | Note
-------+----------+-------------------------------------------
     0 | D:1      | bande the Gargoyle Fighter began the quest for the Orb.
     0 | D:1      | Reached XP level 1. HP: 14/14 MP: 1/1
    49 | D:1      | Reached XP level 2. HP: 19/19 MP: 2/2
   319 | D:1      | Found a faded altar of an unknown god.
   358 | D:1      | Reached XP level 3. HP: 23/23 MP: 3/3
  1130 | D:2      | Found a hide-covered altar of Uskayaw.
  1487 | D:3      | HP: 1/24 [gnoll/+2 whip of electrocution (3)]
  1489 | D:3      | Gained mutation: Your muscles are strong. (Str +4, Int/Dex
                  | -1) [potion of mutation]
  1489 | D:3      | Gained mutation: You are frail. (-10% HP) [potion of
                  | mutation]
  1491 | D:3      | Slain by a gnoll

Illustrated notes

Levels and vault maps discovered:
D:1:      heliophobic_arrival_ceremonial_halls, layout_rooms,
          basic_ecumenical_altar
D:2:      layout_basic, basic_altar
D:3:      layout_basic, uniq_grinder

Skill      XL: |  1  2 |
---------------+-------+-----
Axes           | 2 |  2.6
Fighting       | |  3.7
Armour         | |  3.7
Dodging        | |  0.1
Shields        | |  3.7

Action                   || total
-------------------------++-------
Melee: War axe           ||    92
  Use: Potion            ||     3
Armor: Scale mail        ||    43
Dodge: Dodged            ||    56
Block: Buckler           ||    22

Table legend: (Time is in decaauts)
 A = Elapsed time spent in this place.
 B = Non-inter-level travel time spent in this place.
 C = Inter-level travel time spent in this place.
 D = Time resting spent in this place.
 E = Time spent auto-exploring this place.
 F = Levels seen in this place.
 G = Mean time per level.
                   A        B        C        D        E       F      G
               +--------+--------+--------+--------+--------+-----+--------+
         Total |   1530 |   1530 |      0 |      0 |   1151 |   3 |  510.0 |
       Dungeon |   1530 |   1530 |      0 |      0 |   1151 |   3 |  510.0 |
               +--------+--------+--------+--------+--------+-----+--------+

Top non-repeatable levels by time:
     D:2: 956 daAuts
     D:1: 519 daAuts
     D:3: 54 daAuts
